FIQ, neutral male scurrid Tourist ------------------ ---------...........G....--------- -------........Z..................'....------- ------...l......).u.(.............................------ ----..................................%...................---- ---.....s............o..................................[......--- ---.....%.............!.........u............&...oo...........G....--- ---......g.......r..........................................!..........--- |.................r..................%....?.g...........`................| |....a.....................s....>.......x...r...................l.....?..| |.........d...............)...........................................B..| ---..n..........?........................d.............................--- ---..........k...................v....d..................[.........--- ---.....................................<.........i..ku........--- ----........l................s...%.%......................---- ------...................(........................------ -------................................------- ---------................--------- ------------------ FIQ the Rambler Experience level: 1 Strength: 13 Dexterity: 10 Constitution: 14 Intelligence: 13 Wisdom: 9 Charisma: 16 Health: 0(9) Energy: 2(2) Def: 0 Gold: 612 Moves: 31 Dungeon seed: Ie2Eu4YE0duIXbFm Game ID: FIQ_1498602457 Your Inventory: Coins $ - 612 gold pieces Weapons a - 43 uncursed +2 darts (in quiver) Armor e - an uncursed +0 Hawaiian shirt (being worn) Comestibles b - 5 uncursed eggs c - an uncursed cram ration d - an uncursed fortune cookie f - an uncursed cream pie g - 2 uncursed food rations h - an uncursed tin of lichen i - an uncursed chestnut Scrolls k - 3 uncursed scrolls of magic mapping l - a blessed scroll of magic mapping Potions j - 2 uncursed potions of extra healing Wands o - an uncursed wand of secret door detection (0:15) Tools m - an uncursed expensive camera (0:31) n - an uncursed credit card p - an uncursed towel Spells and supernatural/magical abilities: Name Level Category Fail Memory W - pray for help -- divine ? -- Your skills at the end: Miscellaneous Skills wands [Basic] Weapon Skills dart [Basic] Spellcasting Skills Final Attributes: You were devoutly aligned. You had infravision. You were very stealthy. You are dead. Vanquished creatures: a shocking sphere Voluntary challenges: You went without food. You did not adorn yourself with jewelry or accessories. You did not cause conflict. You were not invisible. You did not have reflection. You were not displaced. You were an atheist. You never hit with a wielded weapon. You were a pacifist. You did not use tools. You did not use plumbed fixtures. You did not drink any magical draughts. You were illiterate. You never genocided any monsters. You never polymorphed an object. You never changed form. You used no wishes. You never split a pudding. You never wrote Elbereth's name. You never violated your personal moral code. Dungeon overview: The Dungeons of Doom: levels 1 to 13 Level 1 a long staircase Level 2 Level 3 Level 4 Level 5 Level 6 Level 7 a fountain Level 8 Level 9 a fountain Level 10 Level 11 Level 12 Level 13 <- You were here History has recorded: On T:1 you entered the Dungeons of Doom to retrieve the Amulet of Yendor! On T:4 you reached level 2 of The Dungeons of Doom. On T:6 you reached level 3 of The Dungeons of Doom. On T:8 you reached level 4 of The Dungeons of Doom. On T:10 you reached level 5 of The Dungeons of Doom. On T:13 you reached level 6 of The Dungeons of Doom. On T:15 you reached level 7 of The Dungeons of Doom. On T:17 you reached level 8 of The Dungeons of Doom. On T:19 you reached level 9 of The Dungeons of Doom. On T:22 you reached level 10 of The Dungeons of Doom. On T:25 you reached level 11 of The Dungeons of Doom. On T:28 you reached level 12 of The Dungeons of Doom. On T:30 you reached level 13 of The Dungeons of Doom. Score breakdown: Gold: 0 ( 0 points) Experience: 1 level ( 0 points) Exploration: 13 levels ( 360 points) Discoveries: 0 items ( 0 points) Variety of kills: 1 monster ( 50 points) Major goal: (nothing yet) ( 0 points) Survival: died (score multiplied by 3) Total score: 1230 Latest messages: You start digging downward. You continue digging downward. You dig a pit in the floor. You continue digging downward. You dig a hole through the floor. You fall through... You start digging downward. You continue digging downward. You dig a pit in the floor. You continue digging downward. You dig a hole through the floor. You fall through... You start digging downward. You continue digging downward. You dig a pit in the floor. You continue digging downward. You dig a hole through the floor. You fall through... You receive a faint telepathic message from Twoflower: Your help is urgently needed at Ankh-Morpork! Look for a ...ic transporter. You couldn't quite make out that last message. The shocking sphere explodes! You duck some of the blast. You start digging downward. The gremlin claws you! You die... Final status: Aloha FIQ the Tourist, killed by a gremlin... You died in The Dungeons of Doom on dungeon level 13 with 1230 points, and 612 pieces of gold, after 31 moves. You were level 1 with a maximum of 9 hit points when you died.